 Dungeon Crawl Stone Soup version 0.30.1-11-g7821555f0a (webtiles) character file.

Game seed: 9406748098451521691

66 Eitelfritz the Poker (level 4, -5/34 HPs)
             Began as a Merfolk Gladiator on Jan 12, 2024.
             Slain by an orc
             ... wielding a +1 flail of protection
              (6 damage)
             ... on level 3 of the Dungeon.
             The game lasted 00:07:44 (1236 turns).

Eitelfritz the Poker (Merfolk Gladiator)            Turns: 1236, Time: 00:07:44

Health: -5/34      AC:  4    Str: 14    XL:     4   Next: 15%
Magic:  4/4        EV: 13    Int:  9    God:
Gold:   94         SH:  0    Dex: 15    Spells: 3/3 levels left

rFire   . . .        a - +0 trident
rCold   . . .        (no shield)
rNeg    . . .        o - +0 leather armour
rPois   .            c - +0 helmet
rElec   .            (no cloak)
rCorr   .            (no gloves)
SInv    .            (no boots)
Will    .....        (no amulet)
Stlth   +            (no ring)
HPRegen 0.25/turn    (no ring)
MPRegen 0.09/turn

%: no passive effects
@: no status effects
A: (nimble swimmer 2), mertail
a: no special abilities


You were on level 3 of the Dungeon.
You visited 1 branch of the dungeon, and saw 3 of its levels.

You collected 94 gold pieces.

Inventory:

Hand Weapons
 a - a +0 trident (weapon)
 b - a +0 sling
Missiles
 d - 3 throwing nets (quivered)
 e - a javelin
 m - 3 poisoned darts
Armour
 c - a +0 helmet (worn)
 o - a +0 leather armour (worn)
Jewellery
 h - a +6 ring of intelligence
Wands
 j - a wand of flame (6)
Scrolls
 f - 2 scrolls of amnesia
 g - 2 scrolls of identify
 i - 2 scrolls of immolation {unknown}
 l - a scroll of enchant armour {unknown}
 n - 2 scrolls of fear {unknown}
Potions
 k - 2 potions of haste


   Skills:
 + Level 2.8 Fighting
 + Level 5.0 Polearms
 + Level 2.0 Throwing
 + Level 0.8 Armour
 + Level 4.5 Dodging
 + Level 1.0 Stealth


You had 3 spell levels left.
You didn't know any spells.
Your spell library was empty.

Dungeon Overview and Level Annotations

Branches:
Dungeon (3/15)

Altars:
Kikubaaqudgha

Shops:
D:3 =


Innate Abilities, Weirdness & Mutations

((You are very nimble when in or above water. (Stealth+, EV+, Speed+++)))
Your lower body shifts to a powerful aquatic tail in water.


Message History

You barely miss the orc.
The orc hits you with a +1 flail of protection!
You hit the orc.
The orc is moderately wounded.
The orc hits you with a +1 flail of protection.
You closely miss the orc.
The orc is moderately wounded.
The orc closely misses you.
You hit the orc.
The orc is heavily wounded.
The orc hits you with a +1 flail of protection.
You closely miss the orc.
The orc is heavily wounded.
You hit the orc.
The orc is heavily wounded.
The orc barely misses you. The orc closely misses you.
You barely miss the orc.
The orc is heavily wounded.
The orc hits you with a +1 flail of protection!
The orc hits you with a +2 flail of protection.
* * * LOW HITPOINT WARNING * * *
The orc attacks as you move away! The orc barely misses you.
The orc attacks as you move away! The orc closely misses you.
The orc attacks as you move away!
The orc hits you with a +2 flail of protection.
* * * LOW HITPOINT WARNING * * *
The orc attacks as you move away!
The orc hits you with a +1 flail of protection.
* * * LOW HITPOINT WARNING * * *
The orc barely misses you.
As you read the scroll labelled OGEOTE TACITIT, it crumbles to dust.
It is a scroll of amnesia.
You feel forgetful for a moment.
The orc hits you with a +1 flail of protection.
* * * LOW HITPOINT WARNING * * *
As you read the scroll labelled JOUSETIOCO, it crumbles to dust.
It is a scroll of identify.
k - 2 potions of haste The orc hits you with a +1 flail of protection.
You die...

#.. #.. #.# ######
##.###>....
######......###
.........)....##
######......#..########
##......##.........
#.∩....oo@.........
#......####...##.##
#?..#######.#.# #...#
#.†...#... #..$#
#.###.# ##.# #...
#.##### # #. #....#
####.# #.#####+##


You could see 2 orcs.

Vanquished Creatures
  An adder (D:2)
  2 dart slugs (D:1)
  3 orcs (D:3)
  5 ball pythons
  A bat (D:1)
  3 endoplasms (D:1)
  3 giant cockroaches (D:1)
  3 goblins
  2 hobgoblins
  7 jackals
  A quokka (D:2)
  5 frilled lizards
  5 kobolds
  5 rats
46 creatures vanquished.

Notes
Turn   | Place    | Note
-------+----------+-------------------------------------------
     0 | D:1      | Eitelfritz the Merfolk Gladiator began the quest for the
                  | Orb.
     0 | D:1      | Reached XP level 1. HP: 16/16 MP: 1/1
    71 | D:1      | Reached XP level 2. HP: 18/23 MP: 2/2
   374 | D:1      | Found a faded altar of an unknown god.
   384 | D:1      | Reached XP level 3. HP: 24/28 MP: 3/3
   757 | D:2      | Found an ancient bone altar of Kikubaaqudgha.
  1021 | D:2      | Reached skill level 5 in Polearms
  1026 | D:2      | Reached XP level 4. HP: 32/34 MP: 4/4
  1182 | D:3      | Reached skill level 1 in Stealth
  1209 | D:3      | Found Iruliy's Jewellery Shop.
  1235 | D:3      | HP: 1/34 [orc/+1 flail of protection (2)]
  1236 | D:3      | Slain by an orc

Illustrated notes

Levels and vault maps discovered:
D:1:      amcnicky_arrival_underground_garden, layout_basic,
          hellmonk_ecumenical_altar_lost_god
D:2:      layout_rooms, basic_altar
D:3:      layout_basic, nzn_wu_jian_contemplation, fedhas_altar_2, serial_shops,
          shop, minmay_snake_closets, uniq_sigmund

Skill      XL: |  1  2  3  4 |
---------------+-------------+-----
Polearms       | 5 |  5.0
Stealth        | 1 |  1.0
Fighting       | |  2.8
Throwing       | |  2.0
Armour         | |  0.8
Dodging        | |  4.5

Action                     |  1- 3 |  4- 6 || total
---------------------------+-------+-------++-------
  Melee: Trident           |   120 |    19 ||   139
         Punch             |       |     1 ||     1
    Use: Scroll            |       |     2 ||     2
   Stab: Sleeping          |     3 |     1 ||     4
 Armour: Leather armour    |    26 |     2 ||    28
  Dodge: Dodged            |    68 |    13 ||    81
